 Dungeon Crawl Stone Soup version 0.31.0-1-g2c135a0 (webtiles) character file.

Game seed: 7727551235840292033

7 Arto the Digger (level 2, 15/15 HPs)
             Began as a Gargoyle Earth Elementalist on Apr 14, 2024.
             Got out of the dungeon alive.
             The game lasted 00:01:21 (53 turns).

Arto the Digger (Gargoyle Earth Elementalist)         Turns: 53, Time: 00:01:21

Health: 15/15      AC:  4    Str: 11    XL:     2   Next: 0%
Magic:  0/5        EV: 12    Int: 15    God:
Gold:   0          SH:  0    Dex: 10    Spells: 4/5 levels left

rFire   . . .        c - +0 dagger
rCold   . . .        (no shield)
rNeg    + . .        a - +0 robe
rPois   ∞            (no helmet)
rElec   +            (no cloak)
rCorr   .            (no gloves)
SInv    .            (no boots)
Will    .....        (no amulet)
Stlth   ++           (no ring)
HPRegen 0.22/turn    (no ring)
MPRegen 0.09/turn

%: no passive effects
@: no status effects
A: sickness immunity, AC +2, negative energy resistance 1, electricity
resistance, torment resistance 1, petrification resistance
a: no special abilities


You escaped.
You visited 1 branch of the dungeon, and saw 1 of its levels.

Inventory:

Hand Weapons
 c - a +0 dagger (weapon)
Armour
 a - a +0 robe (worn)
Potions
 b - a potion of magic


   Skills:
 - Level 1.7 Dodging
 - Level 2.3 Stealth
 + Level 2.1 Spellcasting
 - Level 1.3 Conjurations
 - Level 3.7 Earth Magic


You had 4 spell levels left.
You knew the following spells:

 Your Spells              Type           Power      Damage    Failure   Level
a - Sandblast             Erth           24%        2d8       4%          1

Your spell library contained the following spells:

 Spells                   Type           Power      Damage    Failure   Level
 Passwall                 Erth           12%        N/A       14%         3
 Stone Arrow              Conj/Erth      18%        3d8       24%         3
 Brom's Barrelling Bould  Conj/Erth      9%         2d3       61%         4
 Petrify                  Alch/Erth      7%         N/A       71%         4


Dungeon Overview and Level Annotations

Branches:
Dungeon (1/15)

Altars:


Innate Abilities, Weirdness & Mutations

You are immune to sickness and miasma.
Your stone body is resilient. (AC +2)
You are immune to poison.
You resist negative energy. (rN+)
You are resistant to electric shocks. (rElec)
You are resistant to unholy torment.
You are immune to petrification.


Message History

You open the large door.
There is a large open door here.
A hobgoblin comes into view.
The hobgoblin shouts!
You hear a shout!
You can't see any susceptible monsters within range! (Use Z to cast anyway.)
A goblin comes into view. It is wielding a +0 dagger.
The blast of sand hits the hobgoblin!
You kill the hobgoblin!
A giant cockroach and a hobgoblin come into view.
The hobgoblin shouts!
A bat comes into view.
The blast of sand hits the goblin!
You kill the goblin!
A goblin comes into view. It is wielding a +0 dagger.
The bat barely misses you. The bat closely misses you.
The blast of sand hits the hobgoblin!
You kill the hobgoblin!
The blast of sand hits the giant cockroach.
You kill the giant cockroach!
There is a large open door here.
You close the large door.
A goblin breaks down the large door.
There is a large open door here.
Which direction?
You close the large door.
A goblin breaks down the large door.
There is an open door here.
You close the door.
Something unseen breaks down the door.
The blast of sand hits the goblin!
You kill the goblin!
You have reached level 2!
There is a broken door here.
You see here a +0 dagger.
There is a broken door here.
You see here a +0 dagger.
c - a +0 dagger (weapon)
There is a staircase leading out of the dungeon here.
You have escaped!

### ... ###
..#
#.#####.#
##.'...#.#
..
#..'.♣.'.#
..
#'##...'.#
.#
#..#####.#
.# #@.#
♣♣♣.#
##.#### ####
♣⌠..###.....
♣♣♣.†.#..#
###..g.#
#.....#.#
#...#.#.#...
##.
#.#.......
..
......g)B.
#.
..........g


There were no monsters in sight!

Vanquished Creatures
  A giant cockroach (D:1)
  2 goblins (D:1)
  2 hobgoblins (D:1)
5 creatures vanquished.

Notes
Turn   | Place    | Note
-------+----------+-------------------------------------------
     0 | D:1      | Arto the Gargoyle Earth Elementalist began the quest for
                  | the Orb.
     0 | D:1      | Reached XP level 1. HP: 10/10 MP: 3/3
    46 | D:1      | Reached XP level 2. HP: 15/15 MP: 0/5
    53 | D:$      | Got out of the dungeon alive.

Illustrated notes

Levels and vault maps discovered:
D:1:      sevenhm_arrival_forest_fort_small_3, layout_rooms

Action                     || total
---------------------------++-------
   Cast: Sandblast         ||     5
  Dodge: Dodged            ||     2
